 Dungeon Crawl Stone Soup version 0.31-a0-236-g9a0961fb85 (webtiles) character file.

Game seed: 585293267204772171

131 qw the Shooter (level 4, -3/37 HPs)
             Began as a Minotaur Hexslinger on July 10, 2023.
             Slain by Terence
             ... wielding a +0 trident
              (4 damage)
             ... on level 3 of the Dungeon.
             The game lasted 00:01:04 (2226 turns).

qw the Shooter (Minotaur Hexslinger)                Turns: 2226, Time: 00:01:04

Health: -3/37      AC:  5    Str:  9 (12) XL:     4   Next: 91%
Magic:  4/4        EV: 10    Int:  8 (10) God:
Gold:   126        SH:  0    Dex: 14 (15) Spells: 4/5 levels left

rFire   . . .        Y - +1 sling
rCold   . . .        (no shield)
rNeg    . . .        f - +0 ring mail
rPois   .            (helmet restricted)
rElec   .            (no cloak)
rCorr   .            (no gloves)
SInv    .            (no boots)
Will    .....        (no amulet)
Stlth   +            (no ring)
HPRegen 0.26/turn    (no ring)
MPRegen 0.09/turn

%: no passive effects
@: no status effects
A: horns 2, retaliatory headbutt
a: no special abilities


You were on level 3 of the Dungeon.
You visited 1 branch of the dungeon, and saw 3 of its levels.

You collected 126 gold pieces.


Innate Abilities, Weirdness & Mutations

You have a pair of horns on your head.
You reflexively headbutt those who attack you in melee.


   Skills:
 + Level 2.7 Fighting
 - Level 5.0 Ranged Weapons
 - Level 1.1 Armour
 - Level 2.1 Dodging
 - Level 1.0 Spellcasting
 - Level 2.0 Hexes


You had 4 spell levels left.
You knew the following spells:

 Your Spells              Type           Power      Damage    Failure   Level
a - Slow                  Hex            12%        N/A       43%         1

Your spell library contained the following spells:

 Spells                   Type           Power      Damage    Failure   Level
 Inner Flame              Hex/Fire       2%         N/A       91%         3
 Portal Projectile        Hex/Tloc       4%         N/A       91%         3
 Cause Fear               Hex            1%         N/A       99%         4

Inventory:

Hand Weapons
 Y - a +1 sling (weapon)
Armour
 f - a +0 ring mail (worn)
 g - a +2 cloak
Scrolls
 a - a scroll of vulnerability {unknown}
 c - a scroll of identify
Potions
 b - a potion of ambrosia {unknown}
 d - a potion of cancellation
 e - a potion of curing {unknown}
 h - a potion of heal wounds

Dungeon Overview and Level Annotations

Branches:
Dungeon (3/15)

Altars:
Zin

Annotations:
D:3 Terence


Message History

Terence barely misses you.
You shoot a sling bullet.
The sling bullet hits Terence but does no damage.
Terence hits you from afar with a +0 trident!
You shoot a sling bullet. The sling bullet hits Terence.
Terence is lightly wounded.
Terence completely misses you. Terence hits you but does no damage.
You shoot a sling bullet.
The sling bullet closely misses Terence.
Terence hits you from afar with a +0 trident.
You shoot a sling bullet. The sling bullet hits Terence.
Terence is lightly wounded.
Terence misses you.
You shoot a sling bullet.
The sling bullet hits Terence but does no damage.
Terence is lightly wounded.
Terence hits you but does no damage.
Terence hits you from afar with a +0 trident.
You shoot a sling bullet.
The sling bullet hits Terence but does no damage.
Terence is lightly wounded.
Terence barely misses you.
You shoot a sling bullet.
The sling bullet completely misses Terence.
Terence hits you from afar with a +0 trident.
You shoot a sling bullet. The sling bullet hits Terence.
Terence is heavily wounded.
Terence hits you from afar with a +0 trident!
Enter note:
Enter note:
Enter note:
Enter note:
2224 ||| UPGRADING to +2 cloak.
Terence hits you from afar with a +0 trident.
Keep equipping yourself?
You start putting on your armour.
You continue putting on your +2 cloak.
Terence hits you from afar with a +0 trident!
You continue putting on your +2 cloak.
Terence hits you from afar with a +0 trident.
You die...

.#.###.%.#.........#..........##
.###....##.....................#
##....#..#...........)|......#.#
%..##.##.#.................%.#...
.#..#..#[##......#.........<.###.
################.#...........# .
.............................#
.###############.##..........# .#
#.@............# .#
#.$............# .#
.@............#.. .#
..##............ .# .# ...
#......... ... .# #...#.....
#.#.. ..#######. .# .# .. .# ..


You could see Terence.

Vanquished Creatures
  3 adders (D:2)
  3 worms (D:2)
  5 dart slugs
  8 orcs (D:3)
  9 ball pythons
  4 endoplasms
  4 giant cockroaches
  7 goblins
  9 hobgoblins
  2 jackals (D:2)
  A quokka (D:3)
  3 bats
  6 frilled lizards
  7 kobolds
  8 rats
79 creatures vanquished.

Notes
Turn   | Place    | Note
-------+----------+-------------------------------------------
     0 | D:1      | qw the Minotaur Hexslinger began the quest for the Orb.
     0 | D:1      | Reached XP level 1. HP: 16/16 MP: 1/1
     0 | D:1      | 0 ||| qw: Version: 0.3-a-52-g30416fa
     0 | D:1      | 0 ||| qw: Game counter: 4803
     0 | D:1      | 0 ||| qw: Melee chars always use a shield: true
     0 | D:1      | 0 ||| qw: God list: Okawaru
     0 | D:1      | 0 ||| qw: Allow faded altars: false
     0 | D:1      | 0 ||| qw: Do Orc after clearing Dungeon:15 true
     0 | D:1      | 0 ||| qw: Do second Lair branch before Depths: true
     0 | D:1      | 0 ||| qw: Lair rune preference: random
     0 | D:1      | 0 ||| qw: Goals: Normal
     0 | D:1      | 0 ||| PLANNING D:1-11
   128 | D:1      | HP: 3/16 [hobgoblin (5)]
   130 | D:1      | Reached skill level 3 in Ranged Weapons
   130 | D:1      | Reached XP level 2. HP: 5/23 MP: 2/2
   505 | D:1      | Reached XP level 3. HP: 29/29 MP: 3/3
   538 | D:1      | 538 ||| FLEEEEING.
   539 | D:1      | 539 ||| FLEEEEING.
   540 | D:1      | 540 ||| FLEEEEING.
   541 | D:1      | 541 ||| FLEEEEING.
   751 | D:1      | 751 ||| UPGRADING to +0 ring mail.
   761 | D:1      | 761 ||| DROPPING +0 robe.
   762 | D:1      | 762 ||| DROPPING scroll of poison.
   935 | D:2      | Reached skill level 4 in Ranged Weapons
  1056 | D:2      | Reached skill level 1 in Armour
  1303 | D:2      | Found a glowing silver altar of Zin.
  1313 | D:2      | Reached XP level 4. HP: 36/36 MP: 4/4
  1356 | D:2      | 1356 ||| FLEEEEING.
  1357 | D:2      | 1357 ||| FLEEEEING.
  1574 | D:2      | 1574 ||| READING scroll labelled FIXIZON URCHILE.
  1575 | D:2      | 1575 ||| READING scroll labelled OHENORR AKOTWEI.
  1576 | D:2      | 1576 ||| READING scroll labelled NUUMEBR KUCILE.
  1577 | D:2      | 1577 ||| READING scroll labelled MUAGEO HOLEN.
  1578 | D:2      | 1578 ||| DRINKING 2 orange potions.
  1579 | D:2      | 1579 ||| DRINKING 2 sedimented grey potions.
  1580 | D:2      | 1580 ||| DRINKING 2 golden potions.
  1581 | D:2      | 1581 ||| DROPPING potion of degeneration.
  1619 | D:3      | 1619 ||| STAIRDANCE
  1903 | D:3      | Reached skill level 5 in Ranged Weapons
  1941 | D:3      | 1941 ||| FLEEEEING.
  2214 | D:3      | Noticed Terence
  2224 | D:3      | 2224 ||| UPGRADING to +2 cloak.
  2225 | D:3      | HP: 1/37 [Terence/+0 trident (9)]
  2226 | D:3      | Slain by Terence

Levels and vault maps discovered:
D:1:      saegor_arrival_simple_a, layout_loops_ring
D:2:      layout_basic, basic_altar, minmay_distorted
D:3:      minmay_razor_zed, layout_rooms, ebering_ghost_reflecting_pool,
          minmay_misc_feat_plants, uniq_terence

Skill      XL: |  1  2  3  4 |
---------------+-------------+-----
Ranged Weapons | 3 4 5 |  5.0
Fighting       | 2 |  2.7
Armour         | 1 |  1.1
Dodging        | |  2.1
Spellcasting   | |  1.0
Hexes          | |  2.0

Action                     |  1- 3 |  4- 6 || total
---------------------------+-------+-------++-------
   Fire: Sling             |   137 |   123 ||   260
    Use: Scroll            |       |     4 ||     4
         Potion            |       |     3 ||     3
 Armour: Robe              |     2 |       ||     2
         Ring mail         |    13 |    24 ||    37
  Dodge: Dodged            |    28 |    45 ||    73

Table legend:
 A = Non-vault XP
 B = Vault XP
 C = Vault XP percentage of total XP
 D = Non-vault monster count
 E = Vault monster count
 F = Vault count percentage of total count
                 A         B        C        D         E       F
            +---------+---------+-------+---------+---------+-------
      Total |     166 |      22 |  11.7 |      69 |      10 |  12.7
            +---------+---------+-------+---------+---------+-------
        D:1 |      46 |       0 |   0.0 |      28 |       0 |   0.0
        D:2 |      86 |       2 |   2.3 |      27 |       1 |   3.6
        D:3 |      34 |      20 |  37.0 |      14 |       9 |  39.1
            +---------+---------+-------+---------+---------+-------
